 Dungeon Crawl Stone Soup version 0.24.1 (webtiles) character file.

Game seed: 8754549622298527603, levelgen mode: deterministic

15456 mortelune the Martial Artist (level 12, -8/98 HPs)
             Began as an Octopode Transmuter on Mar 22, 2020.
             Was a Priest of Makhleb.
             Mangled by a seven-headed hydra (11 damage)
             ... on level 1 of the Lair of Beasts.
             The game lasted 00:57:42 (20292 turns).

mortelune the Martial Artist (Octopode Transmuter) Turns: 20292, Time: 00:57:43

Health: -8/98      AC:  7    Str: 12    XL:     12   Next: 27%
Magic:  14/18      EV: 15    Int: 18    God:    Makhleb [***...]
Gold:   789        SH:  0    Dex: 12    Spells: 3/19 levels left

rFire    x . .     SeeInvis +     - Unarmed
rCold    + + +     Gourm    .   (shield currently unavailable)
rNeg     . . .     Faith    .   (helmet currently unavailable)
rPois    +         Spirit   .   (no amulet)
rElec    .         Reflect  .   e - ring of resist corrosion
rCorr    +         Harm     .   O - ring of see invisible
MR       .....                  C - +2 ring of evasion
Stlth    +.........             J - ring of flight
HPRegen  0.26/turn              R - ring of poison resistance
MPRegen  0.16/turn              (no ring)
                                (no ring)
                                (no ring)

@: about to teleport, ice-form
A: large, almost no armour, stealthy swim, amphibious, 8 rings, (constrict 8)
a: End Transformation, Minor Destruction, Lesser Servant of Makhleb, Renounce
Religion, Evoke Flight


You were on level 1 of the Lair of Beasts.
You worshipped Makhleb.
Makhleb was most pleased with you.
You were not hungry.
You were a creature of crystalline ice.
You visited 3 branches of the dungeon, and saw 13 of its levels.

You collected 789 gold pieces.

Inventory:

Hand Weapons
 b - a +0 hunting sling
Missiles
 h - 456 stones (quivered)
 j - 56 bolts
 l - 12 boomerangs
 o - 9 curare-tipped darts
 u - 222 arrows
Armour
 m - a +2 hat (melded)
 x - a +0 buckler (melded)
Jewellery
 e - a ring of resist corrosion (left front paw)
 C - a +2 ring of evasion (on tentacle)
 J - a ring of flight (on tentacle)
 O - a ring of see invisible (right front paw)
 R - a ring of poison resistance (on tentacle)
Wands
 k - a wand of flame (26)
 r - a wand of acid (7)
 D - a wand of random effects (15)
 N - a wand of enslavement (9)
 S - a wand of clouds (4)
 V - a wand of polymorph (12)
 W - a wand of digging (3)
Scrolls
 n - 6 scrolls of enchant armour
 s - 2 scrolls of fear
 v - 2 scrolls of noise
 w - 3 scrolls of fog
 y - 2 scrolls of amnesia
 E - a scroll of magic mapping {unknown}
 G - a scroll of silence {unknown}
 H - a scroll of teleportation
 I - a scroll of blinking {unknown}
 K - 4 scrolls of remove curse
 M - 3 scrolls of immolation {unknown}
 P - a scroll of summoning {unknown}
 Q - 3 scrolls of identify
 T - a scroll of enchant weapon {unknown}
Potions
 a - a potion of haste {unknown}
 d - 5 potions of lignification
 f - 4 potions of curing
 g - 2 potions of degeneration {unknown}
 i - a potion of magic {unknown}
 p - a potion of invisibility
 q - a potion of flight {unknown}
 t - 3 potions of might {unknown}
 z - 2 potions of cancellation {unknown}
 A - 3 potions of brilliance {unknown}
 B - 3 potions of heal wounds {unknown}
 F - 3 potions of berserk rage {unknown}
 L - a potion of mutation {unknown}
Comestibles
 c - 27 rations
 U - 3 chunks of flesh


   Skills:
 + Level 7.7 Fighting
 + Level 7.6 Dodging
 - Level 4.0 Shields
 - Level 10.0 Unarmed Combat
 + Level 4.2 Spellcasting
 - Level 9.1 Transmutations
 - Level 5.7 Ice Magic
 + Level 1.4 Air Magic
 * Level 6.5 Invocations


You had 3 spell levels left.
You knew the following spells:

 Your Spells              Type           Power        Failure   Level  Hunger
a - Beastly Appendage     Tmut           #####.       1%          1    None
b - Sticks to Snakes      Tmut           #####...     1%          2    ##.....
c - Spider Form           Tmut/Pois      ###.......   7%          3    ###....
d - Ice Form              Ice/Tmut       ####....     7%          4    ####...
e - Blink                 Tloc           N/A          22%         2    ##.....
f - Summon Lightning Spi  Summ/Air       #.......     71%         4    ####...

Your spell library contained the following spells:

 Spells                   Type           Power        Failure   Level  Hunger
 Ignite Poison            Fire/Tmut/Pois ##......     12%         3    ###....
 Corona                   Hex            #......      14%         1    None
 Flame Tongue             Conj/Fire      #....        14%         1    None
 Magic Dart               Conj           #...         14%         1    None
 Poisonous Vapours        Pois/Air       #.....       16%         2    ##.....
 Call Imp                 Summ           #.......     22%         2    ##.....
 Shroud of Golubria       Chrm/Tloc      #.....       22%         2    ##.....
 Slow                     Hex            #.......     22%         2    ##.....
 Mephitic Cloud           Conj/Pois/Air  #.......     34%         3    ###....
 Conjure Flame            Conj/Fire      #.......     41%         3    ###....
 Gell's Gravitas          Tloc           #.........   41%         3    ###....
 Inner Flame              Hex/Fire       #.......     41%         3    ###....
 Lesser Beckoning         Tloc           #.........   41%         3    ###....
 Portal Projectile        Hex/Tloc       #.....       41%         3    ###....
 Teleport Other           Tloc           #.......     41%         3    ###....
 Blade Hands              Tmut           #####.....   10%         5    ######.
 Yara's Violent Unravell  Hex/Tmut       ###.......   52%         5    ######.
 Cause Fear               Hex            #.........   82%         4    ####...
 Leda's Liquefaction      Hex/Erth       #.........   82%         4    ####...
 Passage of Golubria      Tloc           N/A          82%         4    ####...
 Silence                  Hex/Air        #.........   96%         5    ######.
 Bolt of Fire             Conj/Fire      #.........   100%        6    #######
 Conjure Ball Lightning   Conj/Air       #.........   100%        6    #######
 Deflect Missiles         Chrm/Air       #.........   100%        6    #######
 Discord                  Hex            #.........   100%        8    #######
 Ignition                 Fire           #.........   100%        8    #######
 Tornado                  Air            #.........   100%        9    #######


Dungeon Overview and Level Annotations

Branches:
Dungeon (11/15)            Temple (1/1) D:6            Lair (1/6) D:11
    Orc: D:9-12

Altars:
Ashenzari
Cheibriados
Dithmenos
Elyvilon
Fedhas
Gozag
Hepliaklqana
Kikubaaqudgha
Makhleb
Okawaru
Qazlal
Sif Muna
Uskayaw
Vehumet
Xom
Yredelemnul
Zin
The Shining One

Annotations:
Lair:1 exclusion: oklob plant


Innate Abilities, Weirdness & Mutations

You cannot wear most types of armour.
You are very stealthy in the water. (Stealth+)
You are amphibious.
You can wear up to eight rings at the same time.
((You can use your tentacles to constrict eight enemies at once.))
((Your skin changes colour to match your surroundings (Stealth+).))
((Your rubbery body absorbs attacks. (AC +1, EV +1)))


Message History

The seven-headed hydra is almost dead.
The seven-headed hydra misses you. The seven-headed hydra bites you! x2
* * * LOW HITPOINT WARNING * * *
The seven-headed hydra bites you.
* * * LOW HITPOINT WARNING * * *
The seven-headed hydra closely misses you.
The seven-headed hydra barely misses you.
The seven-headed hydra bites you.
* * * LOW HITPOINT WARNING * * *
A wolf comes into view.
You see here a dagger.
As you read the scroll of teleportation, it crumbles to dust.
You feel strangely unstable.
The wolf howls!
You hear a howl!
The seven-headed hydra barely misses you. x2
The seven-headed hydra bites you!
* * * LOW HITPOINT WARNING * * *
The seven-headed hydra barely misses you.
The seven-headed hydra bites you!
You die...

.. #........ .. #
#######>....#.. .. #.
#....##....... .. #..
#....#......# . .. ....
#..#.##.....#..... #....
#.#####......##...
.....P##..####...........
#......DY.÷h.............
.......r.............[...
.........................
.........................
..................#.##..#
..................#......
.....##..###P.....#.....
..... #...###...........
.......#............


You could see a seven-headed hydra, a wolf and a porcupine.

Vanquished Creatures
  Erica (D:11)
  2 gargoyles
  A komodo dragon (D:10)
  A tengu conjurer (D:11)
  4 blink frogs (Lair:1)
  4 hippogriffs
  Sigmund (D:2)
  A wyvern (D:10)
  14 yaks
  Grum (D:9)
  Menkaure (D:5)
  A hungry ghost (D:8)
  5 vampire mosquitoes
  A water moccasin (Lair:1)
  2 orc warriors (D:9)
  6 porcupines
  5 sky beasts
  4 black bears
  3 phantoms
  3 ogres
  2 wolves
  5 ice beasts
  3 crocodiles
  9 centaurs
  A big kobold (D:10)
  Blork the orc (D:6)
  12 bullfrogs
  7 killer bees
  9 wights
  5 howler monkeys
  3 crimson imps
  A bullfrog zombie (D:10)
  A centaur zombie (D:7)
  8 hounds
  A quasit (D:8)
  A jelly (D:8)
  3 orc priests
  10 orc wizards
  Crazy Yiuf (D:5)
  5 iguanas
  3 bullfrog skeletons
  A centaur skeleton (D:10)
  Ijyb (D:3)
  7 worker ants
  A hound zombie (D:6)
  A hound skeleton (D:9)
  A worker ant zombie (D:6)
  6 gnolls
  2 howler monkey skeletons
  12 adders
  5 shadow imps
  An adder zombie (D:5)
  2 adder skeletons
  2 worms
  2 dart slugs
  4 leopard geckos
  42 orcs
  A ball python (D:3)
  3 bats
  5 giant cockroaches
  10 goblins
  7 hobgoblins
  2 jackals (D:1)
  4 kobolds
  6 quokkas
  4 frilled lizards
  A jackal zombie (D:9)
  A leopard gecko skeleton (D:4)
  A quokka skeleton (D:6)
  5 rats
292 creatures vanquished.

Vanquished Creatures (collateral kills)
  Erolcha (D:11)
  A hydra (Lair:1)
  A hornet (D:9)
  A blink frog (Lair:1)
  2 orc warriors
  A necrophage (D:8)
  3 wolves
  A centaur (D:7)
  3 killer bees (D:10)
  3 orc priests
  2 orc wizards
  2 worker ants (D:4)
  4 orcs
  A goblin (D:2)
  A hobgoblin (D:2)
  3 jackals (D:5)
  A frilled lizard (D:4)
31 creatures vanquished.

Vanquished Creatures (others)
  An orc wizard (D:6)
  An orc (D:6)
  35 fungi
  18 plants
55 creatures vanquished.

Grand Total: 378 creatures vanquished

Notes
Turn   | Place    | Note
-------+----------+-------------------------------------------
     0 | D:1      | mortelune the Octopode Transmuter began the quest for the
                  | Orb.
     0 | D:1      | Reached XP level 1. HP: 13/13 MP: 3/3
   343 | D:1      | Reached XP level 2. HP: 16/18 MP: 3/5
   812 | D:2      | Noticed Sigmund
  1150 | D:2      | Learned a level 2 spell: Sticks to Snakes
  1170 | D:2      | Reached XP level 3. HP: 15/23 MP: 4/6
  1728 | D:3      | Learned a level 3 spell: Spider Form
  1827 | D:2      | Reached XP level 4. HP: 17/29 MP: 2/7
  1961 | D:3      | Noticed Ijyb
  2158 | D:3      | Killed Ijyb
  2495 | D:3      | Reached skill level 4 in Unarmed Combat
  2941 | D:3      | Reached XP level 5. HP: 25/34 MP: 7/9
  3893 | D:4      | Reached XP level 6. HP: 17/41 MP: 7/10
  4463 | D:4      | Reached skill level 5 in Unarmed Combat
  5313 | D:5      | Entered Level 5 of the Dungeon
  5363 | D:5      | Reached XP level 7. HP: 36/46 MP: 8/12
  5641 | D:5      | Found a shattered altar of Ashenzari.
  6012 | D:5      | Learned a level 4 spell: Ice Form
  6157 | D:5      | Reached skill level 6 in Unarmed Combat
  6601 | D:5      | Noticed Menkaure
  6950 | D:5      | Found a runed translucent door.
  6951 | D:5      | Noticed Crazy Yiuf
  7069 | D:5      | Reached XP level 8. HP: 45/54 MP: 10/13
  7552 | D:6      | Reached skill level 1 in Ice Magic
  7885 | D:6      | Found a shimmering altar of Xom.
  8161 | D:6      | Reached skill level 7 in Unarmed Combat
  8257 | D:6      | Reached skill level 5 in Transmutations
  8644 | D:6      | Found a staircase to the Ecumenical Temple.
  8665 | D:6      | Noticed Blork the orc
  8669 | Temple   | Entered the Ecumenical Temple
  8678 | Temple   | Became a worshipper of Makhleb the Destroyer
  8763 | D:6      | Killed Blork the orc
  8831 | D:6      | Found a shimmering altar of Xom.
  9030 | D:6      | Reached XP level 9. HP: 43/60 MP: 5/14
  9144 | D:6      | Reached skill level 5 in Fighting
  9460 | D:6      | Reached skill level 8 in Unarmed Combat
 11439 | D:8      | Reached * piety under Makhleb
 12428 | D:9      | Reached skill level 9 in Unarmed Combat
 12825 | D:9      | Noticed Grum
 12884 | D:9      | Reached XP level 10. HP: 7/66 MP: 9/15
 13168 | D:9      | Killed Grum
 13319 | D:9      | Found a shattered altar of Ashenzari.
 13482 | D:9      | Reached skill level 5 in Ice Magic
 13810 | D:9      | Reached ** piety under Makhleb
 14255 | D:9      | Reached skill level 10 in Unarmed Combat
 14713 | D:10     | Entered Level 10 of the Dungeon
 14760 | D:9      | Reached skill level 5 in Dodging
 14760 | D:9      | Reached skill level 1 in Shields
 15217 | D:10     | Reached XP level 11. HP: 72/72 MP: 16/16
 15227 | D:10     | Identified Jeroc's Collected Works on Venomous Fire
 15741 | D:10     | Reached *** piety under Makhleb
 16261 | D:2      | Killed Sigmund
 16593 | D:5      | Killed Menkaure
 16593 | D:5      | Reached skill level 1 in Invocations
 16754 | D:5      | Killed Crazy Yiuf
 18311 | D:11     | Reached **** piety under Makhleb
 18346 | D:11     | Noticed Erolcha
 18365 | D:11     | Killed Erolcha
 18541 | D:11     | Found a staircase to the Lair.
 18628 | D:11     | Reached skill level 5 in Invocations
 18994 | D:11     | Noticed Erica
 19001 | D:11     | Killed Erica
 19001 | D:11     | Reached XP level 12. HP: 81/81 MP: 8/17
 19074 | D:11     | Found a shadowy altar of Dithmenos.
 19315 | D:11     | Learned a level 2 spell: Blink
 19320 | D:11     | Learned a level 4 spell: Summon Lightning Spire
 19366 | Lair:1   | Entered Level 1 of the Lair of Beasts
 19791 | Lair:1   | Reached skill level 1 in Air Magic
 20008 | Lair:1   | Noticed an eight-headed hydra
 20013 | Lair:1   | Killed an eight-headed hydra
 20282 | Lair:1   | Noticed a seven-headed hydra
 20292 | Lair:1   | HP: 3/98 [seven-headed hydra (15)]
 20292 | Lair:1   | Mangled by a seven-headed hydra

Levels and vault maps discovered:
D:1:      dpeg_arrival_court, layout_rooms, chequers_big_river
D:2:      layout_rooms, hangedman_abyss_or_decor_lesser_grid, minmay_bisected,
          uniq_sigmund
D:3:      layout_rooms, kennysheep_generic_room_15, uniq_ijyb
D:4:      layout_rooms, first_ration, minivault_14
D:5:      layout_loops_ring, serial_bayou, serial_bayou_pond_e,
          serial_bayou_pond_e, serial_bayou_pond_b, serial_bayou_lagoon_a,
          cheibrodos_ashenzari_chains, uniq_menkaure, uniq_crazy_yiuf_cottage
D:6:      layout_gridville, xom_butterflies, minmay_temple_entry_ruins,
          xom_confusion_cloud, uniq_blork_the_orc
D:7:      layout_layer_cave
D:8:      layout_gridville
D:9:      layout_long_grid, basic_altar, uniq_grum
D:10:     layout_loops_ring
D:11:     layout_basic, due_lair_maze_entry_diamond, grunt_tengu_nest,
          grunt_dithmenos_smoke, uniq_erolcha, uniq_erica
Temple:   dpeg_three_leaves_temple
Lair:1:   layout_regular_city, minivault_11, minmay_lair_oklob_bushes,
          grunt_megastairs_3

Skill      XL: |  1  2  3  4  5  6  7  8  9 10 11 12 |
---------------+-------------------------------------+-----
Unarmed Combat | 4 5 6 7 9 10 | 10.0
Fighting       | 2 3 4 5 7 |  7.7
Transmutations | 3 4 5 6 7 9 |  9.1
Spellcasting   | 3 4 |  4.2
Ice Magic      | 3 4 5 |  5.7
Dodging        | 3 5 7 |  7.6
Shields        | 3 4 |  4.0
Invocations    | 5 6 |  6.5
Air Magic      | 1 |  1.4

Action                   |  1- 3 |  4- 6 |  7- 9 | 10-12 || total
-------------------------+-------+-------+-------+-------++-------
Melee: Unarmed           |    53 |    91 |   325 |   457 ||   926
       Constrict         |    20 |    17 |    19 |    10 ||    66
       Kick              |    11 |    20 |    19 |     4 ||    54
       Tentacles         |    11 |    15 |    11 |    11 ||    48
       Punch             |       |     5 |     4 |     3 ||    12
 Fire: Hunting sling     |    23 |    26 |    32 |       ||    81
Throw: Boomerang         |       |     1 |       |       ||     1
       Stone             |       |     1 |    26 |    12 ||    39
 Cast: Beastly Appendage |    16 |    14 |    16 |     7 ||    53
       Sticks to Snakes  |     5 |    13 |    48 |    30 ||    96
       Spider Form       |       |     6 |    39 |     7 ||    52
       Ice Form          |       |       |       |    41 ||    41
Invok: Lesser Servant of |       |       |       |     4 ||     4
Evoke: Wand              |       |       |     3 |     3 ||     6
  Use: Potion            |     1 |     1 |     1 |     2 ||     5
       Scroll            |       |     2 |     4 |     6 ||    12
 Stab: Sleeping          |     1 |     1 |     3 |     1 ||     6
       Distracted        |       |     2 |       |     1 ||     3
  Eat: Chunk             |     2 |    10 |    23 |    30 ||    65
       Ration            |       |     1 |     3 |     1 ||     5
Armor: Skin              |     2 |     4 |    20 |    60 ||    86
Dodge: Dodged            |    37 |    69 |   294 |   311 ||   711
Block: Buckler           |       |       |     9 |    12 ||    21
